 Dungeon Sprint DCSS version 0.30-a0-937-ga0a21ad780 (webtiles) character file.

Game seed: 14976998897244822221

13420 BigDaddyOpFi the Unseen (level 12, -11/90 HPs)
             Began as an Octopode Fighter on Mar 24, 2023.
             Was the Champion of Qazlal.
             Mangled by an emperor scorpion (28 damage)
             ... in the Dungeon (Sprint VII: "The Pits").
             The game lasted 00:04:49 (2861 turns).

BigDaddyOpFi the Unseen (Octopode Fighter)          Turns: 2861, Time: 00:04:49

Health: -11/90     AC:  4    Str: 15    XL:     12   Next: 5%
Magic:  22/24      EV: 22    Int: 14    God:    Qazlal [******]
Gold:   43         SH:  8    Dex: 16    Spells: 11/11 levels left

rFire   + . .      SeeInvis +    l - +7 lajatang of Order {silver, rMut}
rCold   x . .      Faith    .    (shield currently unavailable)
rNeg    . . .      Spirit   .    (helmet restricted)
rPois   .          Reflect  .    (no amulet)
rElec   .          Rampage  .    k - +3 ring of evasion
rCorr   .          NoTele   +    i - +3 ring of intelligence
rMut    +                        t - ring of fire
Will    .....                    u - ring of see invisible
Stlth   ++                       (no ring)
HPRegen 0.35/turn                (no ring)
MPRegen 0.19/turn                (no ring)
                                 (no ring)

@: protected from physical damage, studying Short Blades, repel missiles
A: almost no armour, amphibious, 8 rings, camouflage 1, gelatinous body 1,
(nimble swimmer 1), tentacles
a: Renounce Religion, Upheaval, Elemental Force, Disaster Area


You were in the Dungeon.
You worshipped Qazlal.
Qazlal was exalted by your worship.
You visited 1 branch You collected 43 gold pieces.

Inventory:

Hand Weapons
 a - a +0 war axe
 l - the +7 lajatang of Order (weapon) {silver, rMut}
   (You found it in the Dungeon)

   rMut:      It protects you from mutation.
 m - a +2 war axe of freezing
Missiles
 e - 3 silver javelins (quivered)
Armour
 b - a +1 buckler
Jewellery
 i - a +3 ring of intelligence (right tentacle)
 k - a +3 ring of evasion (left tentacle)
 t - a ring of fire (on tentacle)
 u - a ring of see invisible (on tentacle)
Scrolls
 n - 2 scrolls of blinking
 o - 3 scrolls of enchant armour
 q - 5 scrolls of identify
 s - 2 scrolls of fog
Potions
 c - 2 potions of might
 d - 10 potions of curing
 f - 3 potions of haste
 g - 3 potions of magic
 h - 4 potions of berserk rage
 j - 2 potions of invisibility
 p - 6 potions of heal wounds
 r - a potion of resistance


   Skills:
 + Level 11.4 Fighting
 - Level 6.4(8.7) Axes
 + Level 9.1(10.0) Polearms
 + Level 11.6 Dodging
 * Level 19.9 Stealth
 + Level 11.4 Shields
 * Level 16.4 Invocations


You had 11 spell levels left.
You didn't know any spells.
Your spell library contained the following spells:

 Spells                   Type           Power      Damage    Failure   Level
 Portal Projectile        Hex/Tloc       0%         N/A       65%         3
 Tukima's Dance           Hex            0%         N/A       65%         3
 Blade Hands              Tmut           0%         N/A       100%        5


Dungeon Overview and Level Annotations

Branches:
Dungeon (1/1)

Altars:
Ashenzari
Cheibriados
Dithmenos
Elyvilon
Fedhas
Gozag
Hepliaklqana
Kikubaaqudgha
Makhleb
Nemelex Xobeh
Okawaru
Qazlal
Ru
Sif Muna
Trog
Uskayaw
Vehumet
Wu Jian
Xom
Yredelemnul
Zin
The Shining One
Jiyva
Lugonu


Innate Abilities, Weirdness & Mutations

You cannot wear most types of armour.
You are amphibious.
You can wear up to eight rings at the same time.
Your skin changes colour to match your surroundings (Stealth+).
Your rubbery body absorbs attacks. (AC +1, EV +1)
((You are camouflaged when in or above water. (Stealth+)))
You have tentacles for arms and can constrict up to eight enemies at once.


Message History

You block the emperor scorpion's attack.
The emperor scorpion barely misses you. The emperor scorpion claws you.
You feel more protected from physical attacks.
Aiming: Upheaval
Press: ? - help, Dir - move target Magma suddenly erupts from the ground!
The blast of magma engulfs the emperor scorpion!!
The emperor scorpion is severely wounded.
The emperor scorpion closely misses you. x2
The emperor scorpion claws you but does no damage.
The emperor scorpion stings you but does no damage.
You block the emperor scorpion's attack. x2
Unknown command.
You barely miss the emperor scorpion.
The emperor scorpion is severely wounded.
The emperor scorpion is struck by lightning.
You block the emperor scorpion's attack.
The emperor scorpion misses you.
The emperor scorpion claws you but does no damage.
You hit the emperor scorpion but do no damage.
The emperor scorpion is severely wounded.
The emperor scorpion closely misses you.
The emperor scorpion completely misses you.
You block the emperor scorpion's attack.
You hit the emperor scorpion.
The emperor scorpion is severely wounded.
The emperor scorpion stings you!
* * * LOW HITPOINT WARNING * * *
The emperor scorpion claws you but does no damage.
You block the emperor scorpion's attack.
The emperor scorpion stings you.
* * * LOW HITPOINT WARNING * * *
The emperor scorpion misses you. The emperor scorpion claws you.
* * * LOW HITPOINT WARNING * * *
You hit the emperor scorpion.
You tentacle-slap the emperor scorpion, but do no damage.
The emperor scorpion is almost dead.
The emperor scorpion is struck by lightning.
The emperor scorpion stings you!!
You die...

########################
...)...........○§.°.....
†....†.........○@s≈.....
############++##########


You could see an emperor scorpion.

Vanquished Creatures
  A minotaur (D)
  Erolcha (D)
  A death yak (D)
  3 hell hogs (D)
  Urug (D)
  A shadow wraith (D)
  2 flayed ghosts (D)
  A sea snake (D)
  A deep troll (D)
  A cyclops (D)
  An eye of devastation (D)
  A black mamba (D)
  A molten gargoyle (D)
  A gargoyle (D)
  A kobold demonologist (D)
  An ice devil (D)
  An efreet (D)
  A hellwing (D)
  A red devil (D)
  3 tarantellas (D)
  A hornet (D)
  A jumping spider (D)
  3 yaks (D)
  A redback (D)
  Menkaure (D)
  2 floating eyes (D)
  A swamp drake (D)
  2 ice beasts (D)
  A wolf (D)
  2 gnoll sergeants (D)
  A hound (D)
  2 orc priests (D)
  3 iron imps (D)
  An orc wizard (D)
  11 gnolls (D)
  3 river rats (D)
  An adder simulacrum (D)
  7 orcs (D)
  A bat (D)
  2 endoplasms (D)
  2 giant cockroaches (D)
  A hobgoblin (D)
  8 jackals (D)
  A quokka (D)
  A rat (D)
85 creatures vanquished.

Vanquished Creatures (collateral kills)
  A death yak (D)
  A cane toad (D)
  An unseen horror (shapeshifter) (D)
  A jumping spider (D)
4 creatures vanquished.

Grand Total: 89 creatures vanquished

Notes
Turn   | Place    | Note
-------+----------+-------------------------------------------
     0 | D        | BigDaddyOpFi the Octopode Fighter began the quest for the
                  | Orb.
     0 | D        | Reached XP level 1. HP: 16/16 MP: 1/1
    16 | D        | Reached XP level 2. HP: 14/21 MP: 2/2
    20 | D        | Found a bloodstained altar of Trog.
    20 | D        | Found a shimmering blue altar of Sif Muna.
    20 | D        | Found a viscous altar of Jiyva.
    20 | D        | Found a hazy altar of Hepliaklqana.
    20 | D        | Found an opulent altar of Gozag.
    21 | D        | Found a glowing golden altar of the Shining One.
    21 | D        | Found a glowing silver altar of Zin.
    21 | D        | Found a basalt altar of Yredelemnul.
    21 | D        | Found a shimmering altar of Xom.
    21 | D        | Found an ornate altar of the Wu Jian Council.
    21 | D        | Found a sacrificial altar of Ru.
    21 | D        | Found a stormy altar of Qazlal.
    21 | D        | Found an iron altar of Okawaru.
    21 | D        | Found a sparkling altar of Nemelex Xobeh.
    21 | D        | Found a burning altar of Makhleb.
    21 | D        | Found a blossoming altar of Fedhas.
    21 | D        | Found a white marble altar of Elyvilon.
    21 | D        | Found a shadowy altar of Dithmenos.
    21 | D        | Found a snail-covered altar of Cheibriados.
    22 | D        | Found a radiant altar of Vehumet.
    22 | D        | Found a corrupted altar of Lugonu.
    23 | D        | Found an ancient bone altar of Kikubaaqudgha.
    23 | D        | Found a hide-covered altar of Uskayaw.
    23 | D        | Found a broken altar of Ashenzari.
    26 | D        | Became a worshipper of Qazlal Stormbringer
   163 | D        | Noticed a floating eye
   167 | D        | Killed a floating eye
   167 | D        | Reached * piety under Qazlal
   168 | D        | Reached skill level 5 in Invocations
   168 | D        | Reached XP level 3. HP: 18/28 MP: 2/6
   168 | D        | Reached XP level 4. HP: 22/34 MP: 2/7
   170 | D        | Reached skill level 5 in Fighting
   170 | D        | Reached skill level 5 in Dodging
   170 | D        | Reached skill level 5 in Shields
   170 | D        | Reached XP level 5. HP: 25/39 MP: 2/8
   293 | D        | Reached ** piety under Qazlal
   303 | D        | Reached skill level 1 in Stealth
   307 | D        | Reached *** piety under Qazlal
   309 | D        | Reached skill level 2 in Stealth
   520 | D        | Reached **** piety under Qazlal
   521 | D        | Reached skill level 3 in Stealth
   527 | D        | Reached skill level 5 in Axes
   527 | D        | Reached skill level 4 in Stealth
   540 | D        | Noticed Menkaure
   545 | D        | Killed Menkaure
   545 | D        | Reached ***** piety under Qazlal
   546 | D        | Reached skill level 6 in Stealth
   546 | D        | Reached XP level 6. HP: 40/46 MP: 9/11
   572 | D        | Noticed a tarantella
   586 | D        | Killed a tarantella
   587 | D        | Reached skill level 8 in Stealth
   587 | D        | Reached XP level 7. HP: 12/53 MP: 8/13
   731 | D        | Paralysed by a floating eye for 3 turns
   738 | D        | Reached skill level 9 in Stealth
   830 | D        | Reached ****** piety under Qazlal
   842 | D        | Found the +7 lajatang of Order {silver, rMut}
   935 | D        | Noticed a yak
   935 | D        | Noticed a yak
   935 | D        | Noticed a yak
   935 | D        | Noticed a deep troll
   936 | D        | Killed a deep troll
   937 | D        | Reached skill level 11 in Stealth
   937 | D        | Reached skill level 10 in Invocations
   937 | D        | Reached XP level 8. HP: 60/60 MP: 5/15
   940 | D        | Killed a yak
   942 | D        | Killed a yak
   943 | D        | Reached skill level 12 in Stealth
   943 | D        | Killed a yak
   944 | D        | Reached XP level 9. HP: 53/66 MP: 6/17
   965 | D        | Noticed an ice devil
   970 | D        | Killed an ice devil
   974 | D        | Reached skill level 13 in Stealth
   974 | D        | Killed a shadow wraith
   975 | D        | Reached skill level 5 in Polearms
  1047 | D        | Noticed a black mamba
  1047 | D        | Noticed a molten gargoyle
  1047 | D        | Noticed a tarantella
  1048 | D        | Killed a tarantella
  1048 | D        | Killed a molten gargoyle
  1048 | D        | Killed a black mamba
  1049 | D        | Reached skill level 14 in Stealth
  1049 | D        | Reached XP level 10. HP: 74/74 MP: 10/19
  1306 | D        | Noticed a sea snake
  1308 | D        | Reached skill level 15 in Stealth
  1311 | D        | Noticed Erolcha
  1313 | D        | Killed a sea snake
  1322 | D        | Killed Erolcha
  1323 | D        | Reached skill level 16 in Stealth
  1623 | D        | Noticed a kobold demonologist
  1623 | D        | Noticed a cyclops
  1624 | D        | Killed a kobold demonologist
  1624 | D        | Killed a cyclops
  1625 | D        | Reached skill level 10 in Dodging
  1797 | D        | Noticed a death yak
  1810 | D        | Noticed a cane toad
  1817 | D        | Killed a death yak
  1818 | D        | Reached skill level 10 in Fighting
  1818 | D        | Reached skill level 17 in Stealth
  1818 | D        | Reached skill level 10 in Shields
  1818 | D        | Reached XP level 11. HP: 23/81 MP: 8/21
  2058 | D        | Noticed a flayed ghost
  2058 | D        | Noticed a minotaur
  2058 | D        | Noticed a flayed ghost
  2058 | D        | Noticed a death yak
  2059 | D        | Killed a death yak
  2059 | D        | Killed a flayed ghost
  2060 | D        | Reached skill level 18 in Stealth
  2060 | D        | Reached skill level 15 in Invocations
  2060 | D        | Killed a flayed ghost
  2072 | D        | Killed a minotaur
  2470 | D        | Reached skill level 19 in Stealth
  2477 | D        | Noticed Urug
  2485 | D        | Killed Urug
  2673 | D        | Noticed a hell hog
  2674 | D        | Noticed a hell hog
  2674 | D        | Noticed a hell hog
  2675 | D        | Killed a hell hog
  2675 | D        | Killed a hell hog
  2679 | D        | Killed a hell hog
  2680 | D        | Reached XP level 12. HP: 50/90 MP: 12/24
  2849 | D        | Noticed an emperor scorpion
  2861 | D        | Mangled by an emperor scorpion

Illustrated notes

Levels and vault maps discovered:
D:        pitsprint [storerooms_1, entrance_room_1, metal_vault_7, armoury_2,
          mini_pit_1, grid_room_1, main_hall_1, silver_pit, the_coven_1,
          the_vestibule_1, steel_vault_4, golden_pit, hallway_of_sentries,
          crystal_vault_4, iron_vault_1, final_vault]

Skill      XL: |  1  2  3  4  5  6  7  8  9 10 11 |
---------------+----------------------------------+-----
Fighting       | 4 5 6 7 9 10 11 | 11.4
Axes           | 4 5 6 |  6.4
Dodging        | 4 5 6 7 8 9 10 11 | 11.6
Shields        | 4 5 6 7 9 10 11 | 11.4
Invocations    | 5 7 8 10 12 14 16 | 16.4
Stealth        | 6 8 11 12 14 17 19 | 19.9
Polearms       | 2 3 5 7 9 |  9.1

Action                     |  1- 3 |  4- 6 |  7- 9 | 10-12 || total
---------------------------+-------+-------+-------+-------++-------
  Melee: War axe           |    11 |    43 |    17 |       ||    71
         Tentacles         |     4 |     8 |     7 |    13 ||    32
         Constrict         |     3 |    11 |     7 |     5 ||    26
         Lajatang          |       |       |    10 |    43 ||    53
         Punch             |       |       |       |     3 ||     3
 Invoke: Upheaval          |       |     1 |       |     3 ||     4
         Disaster Area     |       |       |     4 |     9 ||    13
         Elemental Force   |       |       |       |     1 ||     1
    Use: Potion            |       |     7 |     3 |     5 ||    15
         Scroll            |       |     1 |       |     1 ||     2
   Stab: Sleeping          |     1 |       |       |       ||     1
         Distracted        |       |       |       |     2 ||     2
 Armour: Skin              |       |     2 |     1 |     5 ||     8
  Dodge: Dodged            |     7 |    31 |    11 |    67 ||   116
         Repelled          |       |       |     1 |       ||     1
  Block: Buckler           |     3 |    22 |    16 |       ||    41
         Other             |       |       |     3 |    25 ||    28

Table legend: (Time is in decaauts)
 A = Elapsed time spent in this place.
 B = Non-inter-level travel time spent in this place.
 C = Inter-level travel time spent in this place.
 D = Time resting spent in this place.
 E = Time spent auto-exploring this place.
 F = Levels seen in this place.
 G = Mean time per level.
                   A        B        C        D        E       F      G
               +--------+--------+--------+--------+--------+-----+--------+
         Total |   2881 |   2775 |    106 |   2169 |      0 |   1 | 2881.0 |
       Dungeon |   2881 |   2775 |    106 |   2169 |      0 |   1 | 2881.0 |
               +--------+--------+--------+--------+--------+-----+--------+

Top non-repeatable levels by time:
       D: 2881 daAuts
